 Dungeon Crawl Stone Soup version 0.31-a0-1612-g4aaf141004 (webtiles) character file.

Game seed: 14397678479895249863

112685 GreatBamboolord the Thaumaturge (level 16, -9/131 HPs)
             Began as a Mummy Necromancer on Jan 9, 2024.
             Was the Champion of Kikubaaqudgha.
             Mangled by a tentacle (14 damage)
             ... attached to a kraken
             ... on level 1 of the Shoals.
             The game lasted 01:27:37 (27030 turns).

GreatBamboolord the Thaumaturge (MuNe)             Turns: 27030, Time: 01:27:37

Health: -9/131     AC: 16    Str: 13    XL:     16   Next: 12%
Magic:  34/34      EV: 20    Int: 19    God:    Kikubaaqudgha [******]
Gold:   2752       SH:  0    Dex: 22    Spells: 14/43 levels left

rFire   + . .        a - +9 arbalest (pain)
rCold   + . .        (shield currently unavailable)
rNeg    + + +        I - +3 troll leather armour {Snorg}
rPois   ∞            d - +2 helmet
rElec   .            i - +2 cloak
rCorr   .            z - +0 pair of gloves of the Final Persimmons {rF+ Str+2 Int-4 Dex+8}
SInv    .            H - +2 pair of boots
Will    ++...        (no amulet)
Stlth   ++           v - ring of Caud {Wiz rN+ Int+2}
HPRegen 1.21/turn    q - ring of protection from fire
MPRegen 0.24/turn

%: faith, wizardry (x1)
@: very slow
A: cold resistance 1, negative energy resistance 3, torment resistance 2, heat
vulnerability 1, in touch with death 2, no potions, faith
a: Renounce Religion, Unearth Wretches, Torment


You were on level 1 of the Shoals.
You worshipped Kikubaaqudgha.
Kikubaaqudgha was exalted by your worship.
You visited 4 branches of the dungeon, and saw 23 of its levels.
You also visited: Bailey and Volcano.

You collected 3653 gold pieces.
You spent 901 gold pieces at shops.

Inventory:

Hand Weapons
 a - a +9 arbalest of pain (weapon)
 b - a +1 arbalest of flaming
Missiles
 p - 2 throwing nets
Armour
 d - a +2 helmet (worn)
 i - a +2 cloak (worn)
 z - the +0 pair of gloves of the Final Persimmons (worn) {rF+ Str+2 Int-4 Dex+8}
   (You acquired it on level 8 of the Dungeon)

   Str+2:     It affects your strength (+2).
   Int-4:     It affects your intelligence (-4).
   Dex+8:     It affects your dexterity (+8).
   rF+:       It protects you from fire.
 H - a +2 pair of boots (worn)
 I - a +3 troll leather armour (worn) {Snorg}
Jewellery
 f - a ring of resist corrosion
 o - a +5 ring of evasion
 q - a ring of protection from fire (right hand)
 v - the ring of Caud (left hand) {Wiz rN+ Int+2}
   (You acquired it on level 7 of the Dungeon)

   [ring of wizardry]

   Wiz:       It improves your spell success rate.
   Int+2:     It affects your intelligence (+2).
   rN+:       It protects you from negative energy.
 w - an amulet of guardian spirit
 A - a +6 ring of strength
 B - a ring of protection from cold
 D - a ring of protection from fire
Wands
 r - a wand of polymorph (10)
 s - a wand of iceblast (29)
 t - a wand of flame (66)
 x - a wand of light (2)
 F - a wand of mindburst (15)
Scrolls
 c - 7 scrolls of fog
 e - 11 scrolls of identify
 g - a scroll of enchant armour
 h - 5 scrolls of vulnerability
 j - 12 scrolls of teleportation
 k - 9 scrolls of fear
 l - 2 scrolls of poison
 m - 3 scrolls of amnesia
 n - a scroll of brand weapon
 u - 5 scrolls of immolation
 C - 4 scrolls of summoning
 E - a scroll of revelation
Miscellaneous
 G - a box of beasts


   Skills:
 * Level 13.4 Fighting
 * Level 9.7 Ranged Weapons
 * Level 11.3 Dodging
 + Level 9.1 Stealth
 * Level 14.0 Spellcasting
 + Level 5.9 Summonings
 * Level 12.3 Necromancy
 + Level 1.4 Earth Magic


You had 14 spell levels left.
You knew the following spells:

 Your Spells              Type           Power      Damage    Failure   Level
b - Vampiric Draining     Necr           94%        2d12      1%          3
d - Fugue of the Fallen   Necr           94%        N/A       1%          3
e - Animate Dead          Necr           94%        N/A       1%          4
f - Dispel Undead         Necr           94%        3d30      1%          4
g - Death Channel         Necr           47%        N/A       2%          6
h - Martyr's Knell        Necr/Summ      83%        N/A       1%          4
i - Borgnjor's Vile Clut  Necr/Erth      36%        N/A       4%          5

Your spell library contained the following spells:

 Spells                   Type           Power      Damage    Failure   Level
 Kiss of Death            Conj/Necr      100%       2d13      1%          1
 Necrotise                Necr           100%       1d9       1%          1
 Sandblast                Erth           36%        2d10      1%          1
 Summon Small Mammal      Summ           100%       N/A       1%          1
 Cigotuvi's Dreadful Rot  Necr/Alch/Air  100%       N/A       1%          2
 Curse of Agony           Necr           94%        N/A       1%          5
 Apportation              Tloc           26%        N/A       2%          1
 Magic Dart               Conj           52%        1d5       2%          1
 Sting                    Conj/Alch      52%        1d6       2%          1
 Searing Ray              Conj           26%        2d5       4%          2
 Passwall                 Erth           18%        N/A       4%          3
 Stone Arrow              Conj/Erth      32%        3d9       6%          3
 Ozocubu's Armour         Ice            13%        N/A       8%          3
 Tukima's Dance           Hex            13%        N/A       8%          3
 Summon Lightning Spire   Summ/Air       24%        N/A       8%          4
 Brom's Barrelling Bould  Conj/Erth      16%        2d4       17%         4
 Fulminant Prism          Conj/Alch      6%         3d7       24%         4
 Manifold Assault         Tloc           13%        N/A       24%         4
 Passage of Golubria      Tloc           13%        N/A       24%         4
 Vhi's Electric Charge    Tloc/Air       26%        N/A       24%         4
 Arcjolt                  Conj/Air       6%         1d16      52%         5
 Yara's Violent Unravell  Hex/Alch       6%         3d5       52%         5
 Plasma Beam              Fire/Air       6%         2x1d17    97%         6
 Spellforged Servitor     Conj/Summ      12%        N/A       99%         7


Dungeon Overview and Level Annotations

Branches:
Dungeon (15/15)            Temple (0/1) D:6            Lair (5/5) D:11
 Shoals (1/4) Lair:3       Spider (0/4) Lair:3        Slime (0/5) Lair:5
    Orc (2/2) D:10            Elf (0/3) Orc:2        Vaults (0/5) D:14
 Depths (0/4) D:15         Bailey (visited)         Volcano (visited)

Altars:
Hepliaklqana
Kikubaaqudgha
Sif Muna
Trog
Uskayaw
Jiyva

Shops:
D:7 ?   D:8 *   D:10 *   Orc:2 ??:

Annotations:
D:4 1 runed translucent door, Crazy Yiuf
D:7 1 exclusion
D:10 4 runed translucent doors
Lair:1 2 transporters


Innate Abilities, Weirdness & Mutations

You are immune to poison.
Your flesh is cold resistant. (rC+)
You are immune to negative energy. (rN+++)
You are immune to unholy pain and torment.
You are vulnerable to heat. (rF-)
You are strongly in touch with the powers of death.
You do not drink.
You have a special connection with the divine. (Faith)


Message History

The kraken squirts a massive cloud of ink into the water!
The tentacle slaps you.
* * * LOW HITPOINT WARNING * * *
The tentacle slaps you.
* * * LOW HITPOINT WARNING * * *
The tentacle completely misses you. The tentacle slaps you!
* * * LOW HITPOINT WARNING * * *
The tentacle closely misses you. x2; The tentacle barely misses you.
The tentacle slaps you but does no damage.
Fire: a) +9 arbalest (pain)
Press: ? - help, Shift-Dir - straight line, f/p - kraken
Aim: a kraken (ink, water, almost dead, 98% to hit)
You shoot a bolt.
The bolt hits the kraken but does no damage.
The kraken writhes in agony!
The kraken is almost dead.
The tentacle completely misses you.
The tentacle slaps you but does no damage. x2
A tentacle segment bursts forth from the water.
The tentacle slaps you but does no damage. x2
The tentacle closely misses you. The tentacle completely misses you.
The tentacle slaps you but does no damage.
Fire: a) +9 arbalest (pain)
Press: ? - help, Shift-Dir - straight line, f/p - kraken
Aim: a kraken (ink, water, almost dead, 98% to hit)
You shoot a bolt. The bolt hits the kraken.
The kraken is almost dead.
The tentacle slaps you.
* * * LOW HITPOINT WARNING * * *
The tentacle slaps you.
* * * LOW HITPOINT WARNING * * *
The tentacle barely misses you. The tentacle slaps you.
* * * LOW HITPOINT WARNING * * *
The tentacle slaps you.
* * * LOW HITPOINT WARNING * * *
The tentacle closely misses you.
The tentacle slaps you but does no damage. x2
The tentacle closely misses you. x2; The tentacle slaps you!
You die...
Kikubaaqudgha rasps: "You have failed me!
Welcome... oblivion!"

≈≈≈≈≈≈≈≈~~~~~~~≈≈~~~~~
≈≈≈≈≈~~~~~~.~~~~~~~~~~~~
≈≈~~~~~~~~~~~~~~~~~~~~~~
~~~~~~~....~~.~~~~~~~~~~
~~.(...........~~~~~~..~
~~...†..~.......~~~~~~.~
~..........###~≈~~§§~~..
....)##....###~§§w~§§~~.
~~...##.........@w§~~~~.
~........~~~...ww§§~≈≈≈≈
≈≈~†.....!~~~...§§X≈≈≈≈≈
≈~~..~~...~~~~~§~≈≈≈≈≈≈≈
≈~......~~~~~~≈≈≈≈≈≈≈≈≈≈
≈~.....††~~~~~≈≈≈≈≈≈≈≈≈≈
~.......~~~~~~≈≈≈≈≈≈≈≈≈≈
.......~~~~~~≈≈≈≈≈≈≈≈≈≈≈
..##...~~~~~~≈≈≈≈≈≈≈≈≈≈


You could see a kraken and 4 tentacles.

Vanquished Creatures
  An ettin (Orc:2)
  2 merfolk impalers (Shoals:1)
  4 hydras
  A catoblepas (Lair:1)
  5 centaur warriors
  2 boulder beetles (D:11)
  A sphinx zombie (D:15)
  A two-headed ogre (D:9)
  A tengu warrior (D:13)
  A vampire mage (D:15)
  2 death yaks (Lair:5)
  7 orc high priests (Orc:2)
  Amaemon (Lair:3)
  8 skeletal warriors
  4 skysharks
  3 sea snakes
  A spark wasp zombie (D:15)
  An orb spider (Lair:3)
  2 necromancers
  2 anaconda skeletons (Volcano)
  Pikel (D:4)
  A lindwurm (Lair:2)
  An obsidian statue (D:12)
  An orc knight (Bailey)
  5 orc sorcerers (Orc:2)
  A deep elf pyromancer (D:13)
  2 alligator skeletons (Volcano)
  An oklob plant (Lair:5)
  2 manticores
  4 ugly things
  3 cyclopes
  10 elephants
  A kobold blastminer (Orc:2)
  2 merfolk sirens (Shoals:1)
  3 black mambas
  A water nymph (Lair:3)
  5 gargoyles
  7 cane toads
  3 rime drakes (Lair:3)
  An efreet (D:14)
  3 kobold demonologists (D:10)
  3 komodo dragons
  A tengu conjurer (D:13)
  Psyche (D:8)
  A merfolk (Shoals:1)
  5 polar bears
  2 wind drakes (Shoals:1)
  7 trolls
  2 hornets
  13 blink frogs
  Grinder (D:4)
  5 dream sheep
  A centaur simulacrum (D:14)
  9 slime creatures
  A vampire (D:10)
  6 spriggans (Lair:5)
  5 wyverns
  3 basilisks
  31 yaks
  3 wraiths
  10 wargs
  3 steam dragons
  2 death yak simulacra (Lair:5)
  9 vampire mosquitoes
  A hydra simulacrum (Lair:5)
  18 orc warriors
  8 water moccasins
  An elephant zombie (Lair:4)
  3 black bears
  2 ice beasts
  A sky beast (D:7)
  3 ogres
  3 laughing skulls
  18 wolves
  5 boggarts (Lair:5)
  A phantom (D:6)
  6 centaurs
  3 lemures (D:4)
  A weeping skull (Volcano)
  5 kobold brigands
  9 bullfrogs
  A gnoll sergeant (D:9)
  3 elephant simulacra (Lair:5)
  12 killer bees
  2 spriggan skeletons
  6 howler monkeys
  2 electric eels (Lair:5)
  A bullfrog zombie (D:5)
  2 lava snakes (Lair:4)
  2 hounds
  2 jellies
  3 bombardier beetles
  21 orc priests
  A centaur skeleton (D:5)
  4 iguanas
  A scorpion zombie (D:5)
  2 sleepcaps (D:4)
  25 orc wizards
  2 hell rats (Lair:3)
  A naga skeleton (Volcano)
  Robin (D:3)
  11 gnolls
  3 adders
  2 shadow imps
  2 hell rat simulacra (Lair:5)
  2 white imps
  A dart slug (D:1)
  3 ribbon worms
  85 orcs
  5 ball pythons
  6 bats
  10 endoplasms
  4 giant cockroaches
  12 goblins
  11 hobgoblins
  4 jackals
  19 kobolds
  5 quokkas
  2 frilled lizards (D:1)
  2 rats
  A tentacle (Shoals:1)
604 creatures vanquished.

Vanquished Creatures (collateral kills)
  A dire elephant (Lair:4)
  Snorg (Lair:5)
  A hydra (Lair:5)
  An alligator (Lair:5)
  A centaur warrior (D:13)
  A death yak (Lair:3)
  A tengu warrior (D:13)
  An orc high priest (Orc:2)
  Nergalle (Lair:2)
  Sonja (Orc:2)
  2 skysharks (Lair:3)
  5 skeletal warriors
  An orange crystal statue (Lair:4)
  A deep elf pyromancer (D:15)
  An orc sorcerer (Orc:2)
  3 ugly things
  A manticore (Lair:3)
  22 elephants
  A torpor snail (Lair:3)
  A cane toad (Lair:5)
  A gargoyle (D:10)
  An orange demon (Lair:3)
  4 rime drakes (Lair:3)
  A tengu conjurer (D:13)
  5 komodo dragons
  2 polar bears (Lair:5)
  3 hornets (Lair:5)
  A tarantella (D:12)
  12 blink frogs
  A blink frog (shapeshifter) (D:10)
  3 slime creatures (D:12)
  7 spriggans
  11 wyverns
  A wraith (D:11)
  13 yaks
  5 basilisks
  An acid dragon (D:10)
  4 water moccasins
  A hydra simulacrum (Lair:5)
  4 orc warriors
  A blink frog zombie (Lair:4)
  2 black bears
  3 elephant zombies (Lair:4)
  An ogre (Orc:2)
  9 wolves (Lair:5)
  A centaur (D:13)
  A kobold brigand (D:10)
  2 bullfrogs (Lair:4)
  An elephant simulacrum (Lair:5)
  A bullfrog zombie (Lair:4)
  2 orc priests
  An orc wizard (Orc:2)
  A hell rat (Lair:3)
  A hell rat simulacrum (Lair:5)
  10 orcs
  4 kobolds
170 creatures vanquished.

Vanquished Creatures (others)
  A death knight (D:15)
  2 centaur warriors
  A skyshark (Lair:5)
  An alligator zombie (Lair:5)
  2 ugly thing zombies (D:14)
  3 cyclopes
  A manticore (D:15)
  An orc sorcerer (Orc:2)
  An elephant (Lair:5)
  5 komodo dragons
  A troll (Orc:2)
  A blink frog (Lair:4)
  A dream sheep (Lair:5)
  A tarantella zombie (D:12)
  A black mamba zombie (Lair:5)
  A basilisk (Lair:3)
  A yak (Lair:3)
  2 slime creature zombies (D:13)
  A skyshark zombie (Lair:5)
  7 water moccasins
  4 cane toad zombies
  2 orc warriors
  4 elephant zombies
  An ogre (Orc:2)
  A blink frog zombie (Lair:2)
  2 black bears
  2 wolves
  A torpor snail zombie (Lair:3)
  2 komodo dragon zombies
  5 bullfrogs
  2 cyclops zombies
  2 warg zombies (Orc:2)
  7 water moccasin zombies
  A tengu zombie (D:13)
  14 yak zombies
  A spriggan zombie (Lair:4)
  8 wolf zombies
  3 bullfrog zombies
  5 centaur zombies
  3 basilisk zombies
  A bombardier beetle (D:15)
  3 black bear zombies
  2 killer bee zombies (D:10)
  2 ogre zombies (Orc:2)
  An orc (D:8)
  An endoplasm (D:15)
  A kobold (D:15)
  An endoplasm zombie (D:15)
  7 kobold zombies (D:10)
  18 orc zombies
142 creatures vanquished.

Grand Total: 916 creatures vanquished

Notes
Turn   | Place    | Note
-------+----------+-------------------------------------------
     0 | D:1      | GreatBamboolord the Mummy Necromancer began the quest for
                  | the Orb.
     0 | D:1      | Reached XP level 1. HP: 13/13 MP: 4/4
   333 | D:1      | Reached XP level 2. HP: 20/20 MP: 2/5
   545 | D:1      | Reached skill level 1 in Fighting
  1292 | D:2      | Reached skill level 3 in Spellcasting
  1306 | D:2      | Reached XP level 3. HP: 25/26 MP: 7/7
  1312 | D:2      | Learned a level 3 spell: Vampiric Draining
  1773 | D:2      | Found an ancient bone altar of Kikubaaqudgha.
  1797 | D:2      | Became a worshipper of Kikubaaqudgha
  2326 | D:3      | Noticed Robin
  2331 | D:3      | Killed Robin
  2332 | D:3      | Reached XP level 4. HP: 30/33 MP: 4/8
  2368 | D:3      | Reached * piety under Kikubaaqudgha
  2368 | D:3      | Received a gift from Kikubaaqudgha
  2377 | D:3      | Learned a level 1 spell: Kiss of Death
  2381 | D:3      | Learned a level 3 spell: Fugue of the Fallen
  3255 | D:4      | Reached XP level 5. HP: 39/39 MP: 6/10
  3387 | D:4      | Noticed a lemure
  3441 | D:4      | Noticed a lemure
  3479 | D:4      | Killed a lemure
  3530 | D:4      | Killed a lemure
  3537 | D:4      | Noticed Pikel
  3537 | D:4      | Noticed a lemure
  3610 | D:4      | Killed a lemure
  3634 | D:4      | Noticed a lemure
  3638 | D:4      | Killed Pikel
  3639 | D:4      | Reached skill level 4 in Spellcasting
  3639 | D:4      | Reached XP level 6. HP: 33/48 MP: 0/12
  3639 | D:4      | Reached XP level 7. HP: 37/54 MP: 0/13
  3919 | D:4      | Reached skill level 5 in Necromancy
  3938 | D:4      | Noticed Grinder
  3943 | D:4      | Paralysed by Grinder for 5 turns
  3950 | D:4      | Killed Grinder
  4111 | D:4      | Found a runed translucent door.
  4112 | D:4      | Noticed Crazy Yiuf
  4419 | D:5      | Entered Level 5 of the Dungeon
  4433 | D:5      | Reached ** piety under Kikubaaqudgha
  4449 | D:5      | You fall into a shaft and drop 2 floors!
  4556 | D:6      | Noticed a +0 hand axe
  4561 | D:6      | Found a hide-covered altar of Uskayaw.
  4568 | D:6      | Reached skill level 5 in Spellcasting
  4606 | D:6      | Noticed a +0 hand axe
  4631 | D:6      | Found a staircase to the Ecumenical Temple.
  4638 | D:6      | Reached XP level 8. HP: 61/61 MP: 15/15
  4694 | D:6      | Reached skill level 5 in Fighting
  5196 | D:5      | Reached skill level 5 in Dodging
  5224 | D:5      | Noticed a hornet
  5227 | D:5      | Killed a hornet
  5290 | D:5      | Reached skill level 6 in Spellcasting
  5377 | D:5      | Reached *** piety under Kikubaaqudgha
  5377 | D:5      | Received a gift from Kikubaaqudgha
  5387 | D:5      | Learned a level 4 spell: Animate Dead
  5392 | D:5      | Learned a level 4 spell: Dispel Undead
  5399 | D:5      | Reached XP level 9. HP: 69/69 MP: 14/18
  6707 | D:7      | Found a shimmering blue altar of Sif Muna.
  7070 | D:7      | Identified a scroll of acquirement
  7071 | D:7      | Acquired the ring of Caud {Wiz rN+ Int+2}
  7256 | D:7      | Found Hesac's Magic Scroll Boutique.
  7259 | D:7      | Bought a scroll of torment for 95 gold pieces
  7259 | D:7      | Bought a scroll of teleportation for 30 gold pieces
  7259 | D:7      | Bought a scroll of fear for 40 gold pieces
  7259 | D:7      | Bought a scroll of teleportation for 30 gold pieces
  7259 | D:7      | Bought 2 scrolls of fear for 80 gold pieces
  7259 | D:7      | Bought a scroll of revelation for 75 gold pieces
  7867 | D:7      | Reached skill level 5 in Stealth
  7910 | D:8      | Noticed Psyche
  7916 | D:8      | Killed Psyche
  7917 | D:8      | Reached skill level 1 in Ranged Weapons
  7917 | D:8      | Reached skill level 7 in Spellcasting
  8122 | D:8      | Reached **** piety under Kikubaaqudgha
  8169 | D:8      | Found Goytukath's Assorted Antiques.
  8483 | D:8      | Reached XP level 10. HP: 79/79 MP: 14/20
  8632 | D:8      | Bought a scroll of fear for 104 gold pieces
  8634 | D:8      | Acquired the +0 pair of gloves of the Final Persimmons {rF+
                  | Str+2 Int-4 Dex+8}
  8768 | D:9      | Learned a level 5 spell: Curse of Agony
  8847 | D:9      | Noticed a two-headed ogre
  8856 | D:9      | Killed a two-headed ogre
 10205 | D:10     | Entered Level 10 of the Dungeon
 10223 | D:10     | Found a flagged portal.
 10232 | Bailey   | Entered a bailey
 10412 | Bailey   | Reached ***** piety under Kikubaaqudgha
 10454 | Bailey   | Noticed an orc knight
 10485 | Bailey   | Killed an orc knight
 10715 | Bailey   | Acquired 731 gold pieces
 10872 | D:10     | Reached skill level 8 in Spellcasting
 10874 | D:10     | Reached XP level 11. HP: 63/87 MP: 21/23
 11162 | D:10     | Found a staircase to the Orcish Mines.
 11366 | D:10     | Found a large runed translucent door.
 11366 | D:10     | Found a large runed translucent door.
 11370 | D:10     | Found a large runed translucent door.
 11370 | D:10     | Found a large runed translucent door.
 11371 | D:10     | Noticed a catoblepas
 11371 | D:10     | Noticed an ogre mage
 11432 | D:10     | Got Sif Muna's Guide on Leadership and Bruises
 11438 | D:10     | Learned a level 4 spell: Martyr's Knell
 11610 | D:10     | Found Onto's Changing Room.
 12398 | D:11     | Reached skill level 1 in Summonings
 12417 | D:11     | Reached skill level 5 in Ranged Weapons
 12422 | D:11     | Noticed a boulder beetle
 12444 | D:11     | Killed a boulder beetle
 12448 | D:11     | Reached skill level 9 in Spellcasting
 12602 | D:11     | Found a staircase to the Lair.
 12704 | D:11     | Noticed a green ugly thing
 12715 | D:11     | Killed a green ugly thing
 12951 | D:11     | Reached XP level 12. HP: 90/97 MP: 25/25
 13014 | D:11     | Noticed a boulder beetle
 13037 | D:11     | Killed a boulder beetle
 13283 | Lair:1   | Entered Level 1 of the Lair of Beasts
 13453 | Lair:1   | Noticed a catoblepas
 13463 | Lair:1   | Killed a catoblepas
 13576 | Lair:1   | Found a transporter.
 13594 | Lair:1   | Found a transporter.
 13594 | Lair:1   | Noticed a boulder beetle
 14038 | Lair:2   | Reached ****** piety under Kikubaaqudgha
 14040 | Lair:2   | Identified a +9 arbalest of pain (a +9 arbalest of flaming
                  | bloodied by Kikubaaqudgha)
 14040 | Lair:2   | Received a gift from Kikubaaqudgha
 14160 | Lair:2   | Found a dark tunnel.
 14200 | Volcano  | Entered a volcano
 14292 | Volcano  | Reached skill level 10 in Fighting
 14853 | Volcano  | Reached skill level 10 in Spellcasting
 15328 | Lair:2   | Learned a level 6 spell: Death Channel
 15696 | Lair:2   | Noticed Nergalle
 15700 | Lair:2   | Killed Nergalle
 16255 | Lair:3   | Found a hole to the Spider Nest.
 16258 | Lair:3   | Gained mutation: You are strongly in touch with the powers
                  | of death. [Mummy growth]
 16258 | Lair:3   | Reached XP level 13. HP: 104/104 MP: 27/27
 16648 | Lair:3   | Noticed Amaemon
 16660 | Lair:3   | Killed Amaemon
 16915 | Lair:3   | Reached skill level 11 in Spellcasting
 16980 | Lair:3   | Reached skill level 10 in Necromancy
 16983 | Lair:3   | Found a staircase to the Shoals.
 17970 | Lair:4   | Noticed a dire elephant
 17979 | Lair:4   | Killed a dire elephant
 18140 | Lair:4   | Reached XP level 14. HP: 113/113 MP: 29/29
 18665 | Lair:5   | Entered Level 5 of the Lair of Beasts
 18750 | Lair:5   | Reached skill level 10 in Dodging
 18751 | Lair:5   | Reached skill level 12 in Spellcasting
 19059 | Lair:5   | Noticed Snorg
 19084 | Lair:5   | Killed Snorg
 20138 | Lair:5   | Found a viscous altar of Jiyva.
 20139 | Lair:5   | Found a staircase to the Slime Pits.
 20450 | D:12     | Reached skill level 5 in Summonings
 20597 | D:12     | Reached XP level 15. HP: 108/122 MP: 29/31
 21818 | D:13     | Reached skill level 13 in Spellcasting
 22479 | D:13     | Found a hazy altar of Hepliaklqana.
 22632 | Orc:1    | Entered Level 1 of the Orcish Mines
 22827 | Orc:2    | Entered Level 2 of the Orcish Mines
 22853 | Orc:2    | Noticed Sonja
 22864 | Orc:2    | Killed Sonja
 23223 | Orc:2    | Found a staircase to the Elven Halls.
 23234 | Orc:2    | Found a bloodstained altar of Trog.
 23727 | Orc:2    | Found Siucs's Magic Scroll Shop.
 23742 | Orc:2    | Found Piuce Nes's Book Boutique.
 23749 | Orc:2    | Bought a scroll of fog for 56 gold pieces
 23749 | Orc:2    | Bought a scroll of poison for 56 gold pieces
 23749 | Orc:2    | Bought a scroll of revelation for 105 gold pieces
 23749 | Orc:2    | Bought a scroll of fog for 56 gold pieces
 23749 | Orc:2    | Bought a scroll of teleportation for 42 gold pieces
 23841 | Orc:2    | Found Kyufeoqo's Magic Scroll Shop.
 23846 | Orc:2    | Bought a scroll of fog for 48 gold pieces
 23846 | Orc:2    | Bought a scroll of teleportation for 36 gold pieces
 23846 | Orc:2    | Bought a scroll of fog for 48 gold pieces
 24170 | Orc:1    | Learned a level 5 spell: Borgnjor's Vile Clutch
 24933 | D:14     | Found a gate to the Vaults.
 25334 | D:15     | Entered Level 15 of the Dungeon
 25587 | D:15     | Found a staircase to the Depths.
 25604 | D:15     | Reached skill level 1 in Earth Magic
 26626 | Shoals:1 | Entered Level 1 of the Shoals
 26696 | Shoals:1 | Reached XP level 16. HP: 117/131 MP: 23/33
 26900 | Shoals:1 | Reached skill level 14 in Spellcasting
 27017 | Shoals:1 | Noticed a kraken
 27030 | Shoals:1 | HP: 5/131 [tentacle[a kraken] (4)]
 27030 | Shoals:1 | Mangled by a tentacle

Illustrated notes

Levels and vault maps discovered:
D:1:      ldierk_walled_garden_2, layout_basic, minmay_stone_trees_small
D:2:      layout_basic, basic_altar, wad_floor_pattern_1
D:3:      layout_basic, dreamdust_princess_corridor, grunt_ministairs_1,
          uniq_robin
D:4:      layout_cave_pods, uniq_grinder, uniq_crazy_yiuf_cottage, uniq_pikel
D:5:      layout_basic, serial_undead, serial_undead_c, serial_undead_c,
          serial_undead_e, serial_undead_f
D:6:      layout_basic, dancing_weapons_uskayaw,
          minmay_temple_entry_drinking_statues
D:7:      layout_basic, minitemple, serial_shops, nicolae_shop_rolled_up,
          item_on_display_a
D:8:      layout_gridville, nicolae_inconvenience_store,
          chequers_serial_rivers_micro_e, minivault_4, nicolae_the_louvre,
          uniq_psyche
D:9:      layout_basic, nicolae_elyvilon_peaceful_grove, minmay_misc_feat_tiny
D:10:     layout_loops_ring, david_orc_1_choice, enter_bailey_6,
          nicolae_transmutations_shop, minmay_hollow_rounded_squares
D:11:     layout_irregular_city, due_lair_maze_entry_diamond
D:12:     layout_layer_cave, minivault_4, minivault_16
D:13:     layout_loops_corners, nicolae_hepliaklqana_hippocampus
D:14:     layout_loops_ring, hellmonk_vaults_attempted_burglary,
          kennysheep_nondescript
D:15:     gammafunk_depths_entry_grave, layout_stronghold,
          nicolae_zig_zag_zippers
Lair:1:   gammafunk_boulding_lane, layout_misc_corridors
Lair:2:   layout_cave_pods, nicolae_volcano_entry_vermiform,
          serial_bayou_pond_a, small_statue_intersection, uniq_nergalle
Lair:3:   layout_loops_ring, nicolae_shoals_entry_flooding,
          nicolae_spider_entry_orb_guardian, special_room
          [special_room_mythical_zoo], hangedman_lair_generics_rect,
          grunt_megastairs_4, uniq_amaemon
Lair:4:   mu_elephants_graveyard, layout_big_grid, disabler_island
Lair:5:   minmay_lair_end_enchanted_forest, layout_cave_shapes,
          minmay_slime_entry_oklob_enclosed, eino_house_with_fridge,
          infiniplex_staircase_pool, uniq_snorg
Shoals:1: layout_shoals
Orc:1:    layout_caves
Orc:2:    st_orc_town, layout_caves, basic_altar, uniq_sonja

Skill      XL: |  1  2  3  4  5  6  7  8  9 10 11 12 13 14 15 16 |
---------------+-------------------------------------------------+-----
Fighting       | 1 2 4 6 7 8 9 10 11 12 13 | 13.4
Dodging        | 2 3 4 5 6 7 8 9 10 11 | 11.3
Spellcasting   | 3 4 5 6 7 8 9 10 11 12 13 14 | 14.0
Stealth        | 2 3 4 5 6 7 8 9 |  9.1
Necromancy     | 5 6 7 8 9 10 11 12 | 12.3
Ranged Weapons | 1 3 5 6 7 8 9 |  9.7
Summonings     | 1 3 4 5 |  5.9
Earth Magic    | 1 |  1.4

Action                     |  1- 3 |  4- 6 |  7- 9 | 10-12 | 13-15 | 16-18 || total
---------------------------+-------+-------+-------+-------+-------+-------++-------
  Melee: Unarmed           |     1 |       |       |       |       |       ||     1
         Arbalest          |       |       |     2 |       |     8 |       ||    10
   Fire: Arbalest          |    44 |    66 |   224 |   362 |   732 |    79 ||  1507
   Cast: Necrotise         |    54 |    41 |   102 |     4 |     2 |       ||   203
         Kiss of Death     |       |     2 |     3 |       |       |       ||     5
         Vampiric Draining |       |     2 |    19 |    30 |    12 |       ||    63
         Fugue of the Fall |       |       |     7 |    18 |    30 |       ||    55
         Animate Dead      |       |       |     2 |     9 |    13 |       ||    24
         Dispel Undead     |       |       |     1 |    31 |    17 |       ||    49
         Curse of Agony    |       |       |       |     1 |       |       ||     1
         Martyr's Knell    |       |       |       |    14 |    44 |     2 ||    60
         Death Channel     |       |       |       |     1 |    22 |       ||    23
         Borgnjor's Vile C |       |       |       |       |     4 |     1 ||     5
 Invoke: Unearth Wretches  |       |       |       |     1 |    19 |       ||    20
         Torment           |       |       |       |     1 |       |       ||     1
         Brand Weapon With |       |       |       |     1 |       |       ||     1
  Evoke: Wand              |       |       |       |       |     2 |       ||     2
    Use: Scroll            |     1 |     3 |    12 |    18 |     7 |     4 ||    45
 Armour: Robe              |    31 |    43 |   162 |   242 |   201 |       ||   679
         Troll leather arm |       |       |       |       |   368 |    69 ||   437
  Dodge: Dodged            |    36 |    66 |   319 |   470 |   845 |    85 ||  1821

Table legend: (Time is in decaauts)
 A = Elapsed time spent in this place.
 B = Non-inter-level travel time spent in this place.
 C = Inter-level travel time spent in this place.
 D = Time resting spent in this place.
 E = Time spent auto-exploring this place.
 F = Levels seen in this place.
 G = Mean time per level.
                   A        B        C        D        E       F      G
               +--------+--------+--------+--------+--------+-----+--------+
         Total |  28024 |  26834 |   1190 |   2285 |  19236 |  25 | 1121.0 |
       Dungeon |  17970 |  17190 |    780 |    927 |  13392 |  15 | 1198.0 |
          Lair |   6447 |   6134 |    313 |    706 |   3947 |   5 | 1289.4 |
        Shoals |    397 |    397 |      0 |     70 |    169 |   1 |  397.0 |
  Orcish Mines |   1705 |   1609 |     96 |     90 |   1001 |   2 |  852.5 |
        Bailey |    522 |    522 |      0 |    219 |    159 |   1 |  522.0 |
       Volcano |    981 |    981 |      0 |    272 |    567 |   1 |  981.0 |
               +--------+--------+--------+--------+--------+-----+--------+

Top non-repeatable levels by time:
  Lair:3: 1959 daAuts
    D:10: 1864 daAuts
  Lair:5: 1698 daAuts
     D:9: 1475 daAuts
     D:4: 1423 daAuts
     D:7: 1303 daAuts
    D:12: 1281 daAuts
     D:6: 1248 daAuts
  Lair:2: 1241 daAuts
     D:1: 1234 daAuts
   Orc:2: 1222 daAuts
    D:15: 1119 daAuts
    D:14: 1087 daAuts
    D:13: 1071 daAuts
     D:3: 1047 daAuts
